AoeStats
← javi_fortinero_06

Arabia

509790506Analyzed
1v1 RM · 4d ago on Sep 28, 2026· 36m 58s· 2 players
Game mode
Random Map
Map size
Tiny (2 player)
Population
200
Speed
Normal
Resources
Standard
Victory
Conquest
Starting age
Dark Age
Ending age
Imperial Age
RankedLock teamsTeams togetherTeam positionsShared explorationLock speedFull tech treeHidden civsTurbo modeCheats
Victory
Defeat
🇦🇷 Malay · Argentina
1202
+17
🇦🇷 Franks · Argentina
1226
-17
javi_fortinero_06
6:22 Loom
9:51 Feudal Age
10:41 Double-Bit Axe
14:24 Fletching
21:26 Castle Age
19:35 Horse Collar
20:19 Padded Archer Armor
20:21 Gold Mining
21:01 Bodkin Arrow
21:13 Crossbowman
22:28 Ballistics
23:34 Thumb Ring
24:59 Bow Saw
25:26 Town Watch
26:21 Wheelbarrow
26:12 Pikeman
28:08 Forging
28:16 Leather Archer Armor
34:58 Imperial Age
34:50 Bracer
34:20 Arbalester
35:14 Heavy Plow
36:38 Chemistry
36:38 Iron Casting
36:58 Halberdier
CHILL_
6:45 Loom
8:45 Feudal Age
10:03 Double-Bit Axe
13:14 Forging
13:10 Scale Barding Armor
19:59 Castle Age
18:21 Gold Mining
21:06 Chain Barding Armor
22:20 Husbandry
26:44 Iron Casting
27:06 Town Watch
29:05 Bow Saw
30:32 Gold Shaft Mining
Connection lost

Rejoining the realm…

Still unreachable

The connection could not be restored.

Session expired

The server has moved on; the page needs a fresh start.